 Dungeon Crawl Stone Soup version 0.17-a0-1129-g5854844 (webtiles) character file.

132 requice the Chopper (level 4, -3/58 HPs)
             Began as a Minotaur Berserker on May 24, 2015.
             Was a Believer of Trog.
             Slain by a gnoll
             ... wielding a +0 spear
              (4 damage)
             ... on level 3 of the Dungeon.
             The game lasted 00:15:46 (2389 turns).

requice the Chopper (Minotaur Berserker)            Turns: 2389, Time: 00:15:46

Health: -3/58      AC:  8    Str: 27    XL:     4   Next: 92%
Magic:  3/3        EV:  9    Int:  4    God:    Trog [**....]
Gold:   113        SH:  0    Dex: 10    Spells: 0 memorised, 3 levels left

rFire  . . .     SeeInvis .     e - +0 hand axe
rCold  . . .     Clarity  .     l - +0 chain mail
rNeg   . . .     SustAt   .     (no shield)
rPois  .         Gourm    .     (helmet restricted)
rElec  .         Spirit   .     (no cloak)
rCorr  .         Warding  .     (no gloves)
rMut   .         Stasis   .     (no boots)
MR     .....                    (no amulet)
Stlth  ..........               (no ring)
                                (no ring)

@: berserking, very quick, not resistant to hostile enchantments, extremely
unstealthy
A: retaliatory headbutt, horns 2
a: Burn Spellbooks, Berserk, Trog's Hand, Renounce Religion


You were on level 3 of the Dungeon.
You worshipped Trog.
Trog was pleased with you.
You were hungry.

You visited 1 branch of the dungeon, and saw 3 of its levels.

You collected 113 gold pieces.

Inventory:

Hand weapons
 a - a +0 hand axe
 e - a +0 hand axe (weapon)
Armour
 l - a +0 chain mail (worn)
Jewellery
 b - a cursed -2 ring of evasion {unknown}
Scrolls
 j - 2 scrolls of remove curse {unknown}
 k - a scroll of enchant weapon {unknown}
 m - 3 scrolls of identify {unknown}
 q - a scroll of immolation {unknown}
 r - a scroll of fog {unknown}
 t - 3 scrolls of teleportation {unknown}
Potions
 d - a potion of ambrosia {unknown}
 g - 2 potions of brilliance {unknown}
 h - a potion of curing {unknown}
 i - a potion of invisibility {unknown}
 n - a potion of magic {unknown}
 s - a potion of flight {unknown}
Books
 o - a book of Minor Magic

   Spells                             Type                      Level
   a - Magic Dart                     Conjuration                  1
   b - Blink                          Translocation                2
   c - Call Imp                       Summoning                    2
   d - Repel Missiles                 Charms/Air                   2
   e - Slow                           Hexes                        2
   f - Conjure Flame                  Conjuration/Fire             3
   g - Mephitic Cloud                 Conjuration/Poison/Air       3
   Trog disapproves of the use of such an item.
Comestibles
 c - 3 bread rations
 f - 7 chunks of flesh
 p - 3 fruits


   Skills:
 - Level 3.6 Fighting
 + Level 6.7 Axes
 - Level 2.4 Armour
 - Level 2.1 Dodging
 + Level 0.6 Stealth


You had 3 spell levels left.
You didn't know any spells.

Dungeon Overview and Level Annotations

Branches:
Dungeon (3/15)

Altars:
Fedhas


Innate Abilities, Weirdness & Mutations

You reflexively headbutt those who attack you in melee.
You have a pair of horns on your head.


Message History

You continue eating.
Use which ability? (? or * to list)
A red film seems to cover your vision as you go berserk!
You feel yourself moving faster!
You feel mighty!
You feel somewhat more hungry.
The gnoll hits you from afar with a halberd.
* * * LOW HITPOINT WARNING * * *
You feel a strong urge to attack something.
You are feeling hungry.
The gnoll hits you from afar with a spear.
* * * LOW HITPOINT WARNING * * *
The gnoll closely misses you.
You slash the gnoll!
The gnoll is almost dead.
The gnoll hits you but does no damage.
You slash the gnoll!
You kill the gnoll!
Trog accepts your kill. The gnoll hits you with a spear.
You die...

### ########.#
.........# ########.#
#@# #g# #### #.# #...
#)# ###########...
#.###.............
#.##......#####...
#.##.............#
####.##....##.####...
#........####.## #...


You could see a gnoll.

Vanquished Creatures
  Crazy Yiuf (D:2)
  2 gnolls (D:3)
  An adder (D:2)
  An adder skeleton (D:3)
  2 worms (D:2)
  5 giant geckos
  5 orcs (D:3)
  7 goblins
  8 hobgoblins
  3 jackals (D:3)
  2 quokkas
  7 bats
  4 giant newts
  5 kobolds
  9 rats
62 creatures vanquished.

Notes
Turn   | Place    | Note
--------------------------------------------------------------
     0 | D:1      | requice the Minotaur Berserker began the quest for the Orb.
     0 | D:1      | Reached XP level 1. HP: 19/19 MP: 0/0
    91 | D:1      | Reached skill level 4 in Axes
   221 | D:1      | Reached XP level 2. HP: 20/26 MP: 1/1
   626 | D:2      | Acquired Trog's second power
   964 | D:2      | Reached skill level 5 in Axes
   964 | D:2      | Reached XP level 3. HP: 29/31 MP: 2/2
  1162 | D:2      | Found a blossoming altar of Fedhas.
  1262 | D:2      | Noticed Crazy Yiuf
  1270 | D:2      | Killed Crazy Yiuf
  1270 | D:2      | Reached XP level 4. HP: 17/39 MP: 3/3
  1796 | D:2      | Reached skill level 6 in Axes
  2386 | D:3      | HP: 1/58 [gnoll/spear (2)]
  2389 | D:3      | Slain by a gnoll

Vault maps used:
D:1:      minmay_arrival_radiant_lines
D:2:      lemuel_doored_altar, uniq_crazy_yiuf_cottage
D:3:      first_bread, grunt_ministairs_13

Action                   |  1- 3 |  4- 6 || total
-------------------------+-------+-------++-------
Melee: Hand axe          |    84 |    60 ||   144
Invok: Berserk           |       |     1 ||     1
  Eat: Chunk             |       |     3 ||     3
       Beef jerky        |       |     1 ||     1
